Unix NetHack Version 5.0.0-0 post-release - last build Jun 10 2026 00:39:30 (3ee93aec679c4c4259841fe613dc97188e26a321,branch:main).

Game began 2026-06-17 00:35:13, ended 2026-06-17 00:48:19.

Drastanta, chaotic male elven Ranger

              -----------
              |.........|       -----
              |.........|    ###-....#          ------------
             #..%.......|    %  |(.`|####     ##...........|
             #---------.-    #  |...----#     # |..........|
             #         #     #  |......|#     ##+..........-#       ----------
             r         #     #  |....{.|#     # ------------#      #.........|
             r         #     #  |......|#     #             #      #|........|
             r         #     # #....----#######             #      #|....(...|
             r         #     #  |...|   ##    #             #      #----------
             r         #    ##  |*...  ###                  #      ####
             #         #    #   --.--   #     #             ###       #
                 ------.----#     0##############             #       #
                 |....>.....#          ###### # ##################    #
                 |....k....|            #---.-                 # ---.-#
                 |.........|            #|...-                 # |..(|#
                 |.........|            #...<|                 ##-...|#
                 |.........|             |.b.|                   |....#
                 -----------             -----                   -----

Drastanta the Wererat        St:14 Dx:15 Co:14 In:14 Wi:13 Ch:7  Chaotic
Dlvl:4  $:48 HP:2(2) Pw:18(18) AC:6  HD:2 T:3020  Satiated Overloaded

Latest messages:
 The sewer rat bites the jackal.
 The sewer rat bites the jackal.
 The jackal is killed!
 Your sewer rat grows up into a giant rat.
 The giant rat bites!
 The giant rat bites!
 The giant rat bites!
 The rabid rat picks up a gold piece.
 The giant rat misses!
 The giant rat bites!
 The giant rat bites!
 You swap places with your giant rat.
 There are many objects here.
 The giant rat bites!
 You swap places with your sewer rat.
 There are many objects here.
 You hear some noises in the distance.
 The giant rat bites!
 The giant rat bites!
 You return to elven form!
 The giant rat bites!
 $ - 46 gold pieces.
 c - 53 +2 elven arrows.
 d - 38 +0 elven arrows.
 b - a blessed +1 elven bow.
 a - a +1 elven dagger.
 e - a cursed -2 elven cloak.
 f - 4 uncursed lembas wafers.
 m - a tin.
 i - a golden potion.
 h - a wand called NM.
 p - a wand called NM2.
 l - a wand of digging.
 $ - 2 gold pieces (48 in total).
 You turn into a wererat!
 You can't even move a handspan with this load!
 Use the command #monster to summon help.
 You collapse under your load.
 You collapse under your load.
 You collapse under your load.
 You collapse under your load.
 You collapse under your load.
 You collapse under your load.
 You collapse under your load.
 Really quit without saving? [yn] (n) y
 Do you want your possessions identified? [ynq] (y) n
 Do you want to see your attributes? [ynq] (y) n
 Do you want an account of creatures vanquished? [ynaq] (y) n
 Do you want to see your conduct and achievements? [ynq] (y) n
 Do you want to see the dungeon overview? [ynq] (y) n

Inventory:
 Coins    ('$')
  $ - 48 gold pieces
 Weapons  (')')
  c - 53 +2 elven arrows
  d - 38 +0 elven arrows
  b - a blessed +1 elven bow
  a - a +1 elven dagger
 Armor    ('[')
  e - a cursed -2 elven cloak
 Comestibles  ('%')
  f - 4 uncursed lembas wafers
  m - an uncursed homemade tin of lichen
 Potions  ('!')
  i - an uncursed potion of healing
 Wands    ('/')
  l - a wand of digging (0:5)
  p - a wand of stasis (0:2)
  h - a wand of undead turning (0:3)

Drastanta the Ranger's attributes:

Background:
 You were in male wererat form.
 You were actually a Lookout, a level 4 male elven Ranger.
 You were chaotic, on a mission for Mars
 who was opposed by Mercury (lawful) and Venus (neutral).
 You were normally right-handed.
 You were in the Dungeons of Doom, on level 4.
 You entered the dungeon 3020 turns ago.
 It was the midnight hour.
 There was a new moon in effect when your adventure ended.

Basics:
 You had all 2 hit points.
 You had all 18 energy points (spell power).
 You had 2 hit dice.
 Your armor class was 6.
 Your wallet contained 48 zorkmids.
 Autopickup was on for '$' plus thrown.

Final Characteristics:
 Your strength was 14.
 Your dexterity was 15.
 Your constitution was 14.
 Your intelligence was 14.
 Your wisdom was 13.
 Your charisma was 7.

Final Status:
 You were transformed.
 You were satiated.
 You were overloaded; movement was not possible.
 You weren't wielding anything.
 You were unskilled in bare handed combat.
 You weren't wearing any armor.

Final Attributes:
 You were stridently aligned.
 You were sleep resistant.
 You were poison resistant.
 You were level-drain resistant.
 You had automatic searching.
 You had infravision.
 You would have confused monsters when hitting them.
 You regenerated.
 You were a wererat in beast form.
 You were harmed by silver.
 You survived.

Miscellaneous:
 You didn't encounter any bones levels.
 Total elapsed playing time was 13 minutes and 5 seconds.

Major events:
 Turn
    1: Drastanta the chaotic male elven Ranger entered the dungeon
 1319: attained the rank of Lookout (level 3)
 3020: quit

You didn't know any spells.

Skills:
 Fighting Skills
   bare handed combat [Unskilled]
   riding             [Unskilled]
 Weapon Skills
   dagger             [Basic]
   knife              [Unskilled]
   axe                [Unskilled]
   pick-axe           [Unskilled]
   short sword        [Unskilled]
   morning star       [Unskilled]
   flail              [Unskilled]
   hammer             [Unskilled]
   quarterstaff       [Unskilled]
   polearms           [Unskilled]
   spear              [Unskilled]
   trident            [Unskilled]
   bow                [Basic]
   sling              [Unskilled]
   crossbow           [Unskilled]
   dart               [Unskilled]
   shuriken           [Unskilled]
   boomerang          [Unskilled]
   whip               [Unskilled]
 Spellcasting Skills
   healing spells     [Unskilled]
   divination spells  [Unskilled]
   escape spells      [Unskilled]

Voluntary challenges:
 Character rerolling was not enabled.
 You never genocided any monsters.
 You never polymorphed an object.
 You used no wishes.
Achievement:
 You attained the rank of Lookout.

 The Dungeons of Doom: levels 1 to 4
    Level 1:
    Level 2:
    Level 3:
    Level 4: <- You were here.
       A sink.


Vanquished creatures:
  a kobold mummy
 an elf zombie
  a little dog
  a homunculus
  6 hill orcs
  2 orc zombies
  a wererat
  a werejackal
  2 iguanas
 an acid blob
  2 coyotes
  2 gas spores
  3 manes
  a hobgoblin
  2 gnome zombies
  2 geckos
  6 jackals
  2 foxes
  a kobold
  a goblin
  2 sewer rats
  3 grid bugs
  3 lichens
  4 kobold zombies
  5 newts
56 creatures vanquished.

No species were genocided or became extinct.

Goodbye Drastanta the Ranger...

You quit in The Dungeons of Doom on dungeon level 4 with 622 points,
and 48 pieces of gold, after 3020 moves.
You were level 4 with a maximum of 27 hit points when you quit.

